 Dungeon Crawl Stone Soup version 0.25.0-62-ga5774d7 (webtiles) character file.

784 Illumine the Magician (level 7, -3/40 HPs)
             Began as a Deep Elf Fire Elementalist on June 29, 2020.
             Slain by a gnoll
             ... wielding a +2 halberd of protection
              (14 damage)
             ... on level 1 of the Dungeon.
             The game lasted 00:03:10 (783 turns).

Illumine the Magician (Deep Elf Fire Elementalist)   Turns: 783, Time: 00:03:11

Health: -3/40      AC:  2    Str:  5    XL:     7   Next: 55%
Magic:  15/19      EV: 15    Int: 22    God:
Gold:   68         SH:  0    Dex: 15    Spells: 13/20 levels left

rFire    . . .     SeeInvis .   j - +0 dagger
rCold    . . .     Gourm    .   (no shield)
rNeg     . . .     Faith    .   a - +0 robe
rPois    .         Spirit   .   (no helmet)
rElec    .         Reflect  .   (no cloak)
rCorr    .         Harm     .   (no gloves)
MR       .....                  (no boots)
Stlth    ++........             b - amulet of rage
HPRegen  0.13/turn              (no ring)
MPRegen  0.16/turn              (no ring)

@: no status effects
A: no striking features
a: Evoke Berserk Rage


You were on level 1 of the Dungeon.
You were not hungry.

You visited 2 branches of the dungeon, and saw 2 of its levels.

You collected 68 gold pieces.

Inventory:

Hand Weapons
 f - a +0 club
 j - a +0 dagger (weapon)
Missiles
 e - 18 stones (quivered)
Armour
 a - a +0 robe (worn)
Jewellery
 b - an amulet of rage (around neck)
Scrolls
 d - 4 scrolls of remove curse {unknown}
 g - a scroll of magic mapping {unknown}
 l - a scroll of teleportation {unknown}
Potions
 i - a potion of brilliance {unknown}
 k - a potion of degeneration {unknown}
Comestibles
 c - a ration


   Skills:
 + Level 2.5 Fighting
 + Level 4.7 Dodging
 - Level 2.5 Stealth
 * Level 7.0 Spellcasting
 + Level 3.6 Conjurations
 + Level 5.1 Fire Magic


You had 13 spell levels left.
You knew the following spells:

 Your Spells              Type           Power        Failure   Level  Hunger
a - Flame Tongue          Conj/Fire      ####.        1%          1    None
b - Throw Flame           Conj/Fire      ####..       1%          2    None
c - Sticky Flame          Conj/Fire      ####....     14%         4    ###....

Your spell library contained the following spells:

 Spells                   Type           Power        Failure   Level  Hunger
 Conjure Flame            Conj/Fire      ####....     4%          3    None
 Inner Flame              Hex/Fire       ###.....     9%          3    None
 Fireball                 Conj/Fire      ####......   36%         5    #####..


Dungeon Overview and Level Annotations

Branches:
Dungeon (1/3)              Temple (1/1) D:1

Altars:
Ashenzari
Cheibriados
Dithmenos
Elyvilon
Fedhas
Gozag
Hepliaklqana
Kikubaaqudgha
Makhleb
Nemelex Xobeh
Okawaru
Qazlal
Ru
Sif Muna
Trog
Uskayaw
Wu Jian
Xom
Zin
The Shining One


Message History

The gnoll seems to speed up.
The gnoll shaman mumbles some strange prayers to its god against you.
You easily resist.
Items here: )) [ รทรท a +0 hand axe; a +0 whip; a +0 leather armour; an orc skeleton a bullfrog skeleton
Casting: Flame Tongue (safe; 1% risk of failure)
Confirm with . or Enter, or press ? or * to list all spells.
Aiming: Flame Tongue (safe; 1% risk of failure)
Press: ? - help, Shift-Dir - straight line, f/p - gnoll
Aim: a gnoll, wielding a +2 halberd of protection The flame tongue misses the gnoll.
The gnoll hits you from afar with a +2 halberd of protection!
* * * LOW HITPOINT WARNING * * *
Unknown command.
Things that are here:
a +0 club; a +0 dagger; a cursed +0 robe It was a potion of curing.
You feel better.
The gnoll hits you with a +2 halberd of protection!
You die...

..^_^..# #. ###...#..>...#.#
..^^....# # #..###........
......#.# ## #..###g.####..
.##..##.# ..###..##..######.
.##.## . .....##g.#...##.. ..##.
#.## #.#......#..... ...##. ...#
#........####..
....########.#######......####...
_..........._...@gg............##
.)..##.##..#.#..####.....#######
...##..............#.....#
..##.#####...........##### .####
#.........#..###### ...#
############......###### ####
###################..##...
########......................(..
.........#####################...


You could see 2 gnolls.

Vanquished Creatures
  A bullfrog (D:1)
  A centaur skeleton (D:1)
  An orc wizard (D:1)
  2 adders (D:1)
  A gnoll (D:1)
  4 orcs
  A goblin (D:1)
11 creatures vanquished.

Notes
Turn   | Place    | Note
-------+----------+-------------------------------------------
     0 | D:1      | Illumine the Deep Elf Fire Elementalist began the quest for
                  | the Orb.
     0 | D:1      | Reached XP level 1. HP: 10/10 MP: 6/6
    61 | D:1      | Found a shimmering altar of Xom.
    77 | D:1      | Reached XP level 2. HP: 16/16 MP: 0/8
    77 | D:1      | Reached XP level 3. HP: 20/20 MP: 0/10
   155 | D:1      | Found a sacrificial altar of Ru.
   167 | D:1      | Found a stormy altar of Qazlal.
   183 | D:1      | Found a shattered altar of Ashenzari.
   183 | D:1      | Found a glowing silver altar of Zin.
   184 | D:1      | Found a deep blue altar of Sif Muna.
   248 | D:1      | Reached skill level 1 in Fighting
   248 | D:1      | Reached skill level 4 in Spellcasting
   248 | D:1      | Reached XP level 4. HP: 23/25 MP: 7/12
   252 | D:1      | Learned a level 2 spell: Throw Flame
   257 | D:1      | Learned a level 4 spell: Sticky Flame
   286 | D:1      | Found a staircase to the Ecumenical Temple.
   298 | D:1      | Noticed a bullfrog
   301 | Temple   | Entered the Ecumenical Temple
   522 | D:1      | Killed a bullfrog
   522 | D:1      | Reached skill level 5 in Spellcasting
   522 | D:1      | Reached XP level 5. HP: 24/30 MP: 10/15
   522 | D:1      | Reached XP level 6. HP: 28/35 MP: 10/16
   523 | D:1      | Reached skill level 6 in Spellcasting
   526 | D:1      | Reached XP level 7. HP: 33/40 MP: 5/18
   571 | D:1      | Reached skill level 5 in Fire Magic
   693 | D:1      | Found a sparkling altar of Nemelex Xobeh.
   757 | D:1      | Reached skill level 7 in Spellcasting
   783 | D:1      | Slain by a gnoll

Skill      XL: |  1  2  3  4  5  6  7 |
---------------+----------------------+-----
Fighting       | 1 2 |  2.5
Dodging        | 3 4 |  4.7
Spellcasting   | 4 5 6 7 |  7.0
Conjurations   | 2 3 |  3.6
Fire Magic     | 4 5 |  5.1
Stealth        | |  2.5

Action                   |  1- 3 |  4- 6 |  7- 9 || total
-------------------------+-------+-------+-------++-------
Melee: Club              |     1 |       |       ||     1
 Cast: Flame Tongue      |    10 |     8 |    10 ||    28
       Sticky Flame      |       |     1 |     1 ||     2
  Use: Potion            |       |       |     1 ||     1
Armor: Robe              |     2 |       |     1 ||     3
Dodge: Dodged            |     6 |     8 |     6 ||    20
